 Dungeon Crawl Stone Soup version 0.28.0 (webtiles) character file.

Game seed: 11659782348046514431

48 zeram the Covert (level 3, -10/26 HPs)
             Began as an Octopode Delver on Feb 14, 2022.
             Mangled by Menkaure (19 damage)
             ... on level 5 of the Dungeon.
             The game lasted 00:00:56 (642 turns).

zeram the Covert (Octopode Delver)                   Turns: 642, Time: 00:00:57

Health: -10/26     AC:  1    Str: 11    XL:     3   Next: 72%
Magic:  3/3        EV: 13    Int: 14    God:
Gold:   44         SH:  0    Dex: 13    Spells: 2/2 levels left

rFire   . . .      SeeInvis .   a - +0 spear
rCold   . . .      Faith    .   (no shield)
rNeg    . . .      Spirit   .   (helmet restricted)
rPois   .          Reflect  .   (no amulet)
rElec   .          Harm     .   (no ring)
rCorr   .          Rampage  .   (no ring)
Will    .....                   (no ring)
Stlth   +++++.....              (no ring)
HPRegen 0.08/turn               (no ring)
MPRegen 0.08/turn               (no ring)
                                (no ring)
                                (no ring)

@: hasted, very quick
A: almost no armour, amphibious, 8 rings, camouflage 1, gelatinous body 1,
(nimble swimmer 1), tentacles
a: no special abilities


You were on level 5 of the Dungeon.
You visited 1 branch of the dungeon, and saw 1 of its levels.

You collected 44 gold pieces.

Inventory:

Hand Weapons
 a - a +0 spear (weapon)
Missiles
 i - 4 poisoned darts (quivered)
Jewellery
 k - a ring of flight
Wands
 f - a wand of digging (3)
Scrolls
 b - a scroll of fog
 c - a scroll of magic mapping
 d - a scroll of fear
 g - 4 scrolls of identify {unknown}
 j - 2 scrolls of enchant armour {unknown}
Potions
 h - a potion of curing {unknown}
 l - a potion of resistance {unknown}


   Skills:
 - Level 3.0 Fighting
 - Level 2.0 Polearms
 + Level 2.1 Dodging
 + Level 8.2 Stealth


You had 2 spell levels left.
You didn't know any spells.
Your spell library was empty.

Dungeon Overview and Level Annotations

Branches:
Dungeon (5/15)
 Temple: D:4-7

Altars:

Annotations:
D:5 Menkaure


Innate Abilities, Weirdness & Mutations

You cannot wear most types of armour.
You are amphibious.
You can wear up to eight rings at the same time.
Your skin changes colour to match your surroundings (Stealth+).
Your rubbery body absorbs attacks. (AC +1, EV +1)
((You are camouflaged when in or above water. (Stealth+)))
You have tentacles for arms and can constrict up to eight enemies at once.


Message History

k - a ring of flight
l - a bubbling brown potion You now have 44 gold pieces (gained 9).
Found a mace.
Found 19 stones.
You see here a +0 mace.
Menkaure, Prince of Dust comes into view.
Menkaure is nearby!
Menkaure is nearby!
Menkaure is nearby!
Menkaure shouts!
Menkaure calls on the powers of darkness!
Your body is wracked with pain!
You reach to attack!
You hit Menkaure but do no damage.
You reach to attack!
You hit Menkaure.
Menkaure is lightly damaged.
Menkaure calls on the powers of darkness!
Your body is wracked with pain!
You are too injured to fight recklessly!
You feel yourself speed up.
Okay, then.
Unknown command.
You hit Menkaure. You grab Menkaure.
Menkaure is lightly damaged.
You constrict Menkaure, but do no damage.
Menkaure barely misses you.
You hit Menkaure but do no damage.
Menkaure is lightly damaged.
You constrict Menkaure, but do no damage.
You hit Menkaure but do no damage.
Menkaure is lightly damaged.
You constrict Menkaure. Menkaure closely misses you.
You hit Menkaure.
Menkaure is moderately damaged.
You constrict Menkaure. You hit Menkaure. You squeeze Menkaure.
Menkaure is severely damaged.
You constrict Menkaure. Menkaure hits you!!
Ouch! That really hurt!
You die...

###
#####.#######.####......
...........##..#........
............##.#........
............##..........
.............#..........
.............##.........
.............##.M.......
.............# #@.......
.............###.......#
.............#.).......#
.................#(...##
..............#####...#
............### ..##
............# .#
#....>......# .#
##.##########


You could see Menkaure.

Vanquished Creatures
  An iguana (D:5)
  A howler monkey skeleton (D:5)
  An adder (D:5)
  A worm (D:5)
4 creatures vanquished.

Notes
Turn   | Place    | Note
-------+----------+-------------------------------------------
     0 | D:5      | zeram the Octopode Delver began the quest for the Orb.
     0 | D:5      | Reached XP level 1. HP: 16/16 MP: 1/1
    14 | D:5      | Noticed an iguana
    24 | D:5      | Killed an iguana
    25 | D:5      | Reached skill level 7 in Stealth
    25 | D:5      | Reached XP level 2. HP: 12/21 MP: 2/2
    25 | D:5      | Reached XP level 3. HP: 15/26 MP: 3/3
   235 | D:5      | Reached skill level 8 in Stealth
   632 | D:5      | Noticed Menkaure
   642 | D:5      | Mangled by Menkaure

Illustrated notes

Levels and vault maps discovered:
D:5:      layout_cave_pods, uniq_ijyb, uniq_edmund, uniq_crazy_yiuf_cottage,
          uniq_menkaure

Skill      XL: |  1  2  3 |
---------------+----------+-----
Stealth        | 7 8 |  8.2
Fighting       | |  3.0
Polearms       | |  2.0
Dodging        | |  2.1

Action                   || total
-------------------------++-------
Melee: Spear             ||    29
       Constrict         ||     5
       Tentacles         ||     4
  Use: Potion            ||     1
 Stab: Sleeping          ||     2
Armor: Skin              ||     1
Dodge: Dodged            ||     8
